 Dungeon Crawl Stone Soup version 0.24.0-35-gdb84b6a5db (webtiles) character file.

Game seed: 5063329658423834241, levelgen mode: deterministic

23769 Nattfarinn the Transmogrifier (level 13, -2/102 HPs)
             Began as an Octopode Transmuter on Nov 19, 2019.
             Was a Priest of Elyvilon.
             Slain by a troll (3 damage)
             ... while paralysed by Rupert
             ... on level 12 of the Dungeon.
             The game lasted 00:40:24 (16982 turns).

Nattfarinn the Transmogrifier (OpTm)               Turns: 16982, Time: 00:40:24

Health: -2/102     AC: 14    Str: 22    XL:     13   Next: 8%
Magic:  23/25      EV:  1    Int: 15    God:    Elyvilon [***...]
Gold:   328        SH:  0    Dex: 19    Spells: 8/16 levels left

rFire    + . .     SeeInvis .     - Unarmed
rCold    + + +     Gourm    .   (shield currently unavailable)
rNeg     + . .     Faith    .   (helmet currently unavailable)
rPois    +         Spirit   .   z - amulet of Yesterday {*Drain +Rage rF++ Str+7}
rElec    .         Reflect  .   j - ring of flight
rCorr    .         Harm     .   y - ring of magical power
MR       .....                  A - +2 ring of protection
Stlth    +++.......             b - +4 ring of evasion
HPRegen  0.27/turn              h - +2 ring of protection
MPRegen  0.19/turn              i - +3 ring of protection
                                k - +2 ring of strength
                                N - ring of positive energy

@: paralysed, agile, ice-form
A: large, almost no armour, stealthy swim, amphibious, 8 rings, (constrict 8)
a: End Transformation, Lesser Healing, Heal Other, Purification, Divine
Protection, Renounce Religion, Evoke Berserk Rage, Evoke Flight


You were on level 12 of the Dungeon.
You worshipped Elyvilon.
Elyvilon was most pleased with you.
You were not hungry.
You were a creature of crystalline ice.
You visited 2 branches of the dungeon, and saw 14 of its levels.
You visited 1 bazaar.
You also visited: Ossuary.

You collected 835 gold pieces.
You spent 507 gold pieces at shops.

Inventory:

Missiles
 a - 401 arrows
Jewellery
 b - a +4 ring of evasion (on tentacle)
 h - a +2 ring of protection (on tentacle)
 i - a +3 ring of protection (on tentacle)
 j - a ring of flight (left front paw)
 k - a +2 ring of strength (on tentacle)
 y - a ring of magical power (right front paw)
 z - the amulet of Yesterday (around neck) {*Drain +Rage rF++ Str+7}
   (You found it on level 7 of the Dungeon)

   [amulet of rage]

   It affects your strength (+7).
   It greatly protects you from fire.
   It lets you go berserk.
   It causes draining when unequipped.
 A - a +2 ring of protection (on tentacle)
 D - an uncursed amulet of faith {unknown}
 K - an uncursed ring of magical power
 M - an uncursed ring of resist corrosion
 N - a ring of positive energy (on tentacle)
Wands
 w - a wand of iceblast (5)
 x - a wand of disintegration (17)
 B - a wand of acid (8)
 E - a wand of polymorph (6)
 J - a wand of flame (16)
Scrolls
 d - 2 scrolls of enchant armour
 e - 7 scrolls of enchant weapon
 f - 9 scrolls of amnesia
 g - 9 scrolls of remove curse
 n - 2 scrolls of teleportation
 u - 2 scrolls of holy word
 v - 2 scrolls of fog
 H - a scroll of acquirement {unknown}
 I - 4 scrolls of immolation
 O - 2 scrolls of fear {unknown}
Potions
 l - a potion of experience {unknown}
 m - a potion of cancellation {unknown}
 o - 5 potions of flight
 p - a potion of might
 q - 2 potions of magic {unknown}
 r - 5 potions of brilliance
 s - a potion of agility
 t - 4 potions of curing
 C - a potion of lignification
 F - a potion of heal wounds
 G - 2 potions of invisibility {unknown}
Comestibles
 c - 21 rations
 L - 2 chunks of flesh


   Skills:
 + Level 6.9 Fighting
 + Level 9.7 Dodging
 * Level 11.8 Unarmed Combat
 - Level 2.0 Spellcasting
 * Level 12.4 Transmutations
 - Level 7.0 Ice Magic


You had 8 spell levels left.
You knew the following spells:

 Your Spells              Type           Power        Failure   Level  Hunger
a - Beastly Appendage     Tmut           #####.       1%          1    #......
b - Spider Form           Tmut/Pois      ###.......   5%          3    ###....
c - Ice Form              Ice/Tmut       ####....     4%          4    #####..

Your spell library contained the following spells:

 Spells                   Type           Power        Failure   Level  Hunger
 Sticks to Snakes         Tmut           #####...     1%          2    ###....
 Blade Hands              Tmut           #####.....   3%          5    ######.
 Ensorcelled Hibernation  Hex/Ice        ##....       8%          2    ###....
 Animate Skeleton         Necr           N/A          22%         1    #......
 Magic Dart               Conj           #...         22%         1    #......
 Pain                     Necr           #...         22%         1    #......
 Shock                    Conj/Air       #...         22%         1    #......
 Blink                    Tloc           N/A          32%         2    ###....
 Call Imp                 Summ           #.......     32%         2    ###....
 Slow                     Hex            #.......     32%         2    ###....
 Swiftness                Chrm/Air       #.......     32%         2    ###....
 Conjure Flame            Conj/Fire      #.......     54%         3    ###....
 Mephitic Cloud           Conj/Pois/Air  #.......     54%         3    ###....
 Regeneration             Chrm/Necr      #.........   54%         3    ###....
 Static Discharge         Conj/Air       #.......     54%         3    ###....
 Vampiric Draining        Necr           #.........   54%         3    ###....
 Airstrike                Air            #.........   91%         4    #####..
 Animate Dead             Necr           N/A          91%         4    #####..
 Borgnjor's Vile Clutch   Necr/Erth      #.........   99%         5    ######.
 Lightning Bolt           Conj/Air       #.........   99%         5    ######.
 Silence                  Hex/Air        #.........   99%         5    ######.
 Darkness                 Hex            #.........   100%        6    #######
 Shadow Creatures         Summ           N/A          100%        6    #######


Dungeon Overview and Level Annotations

Branches:
Dungeon (13/15) Temple (1/1) D:7 Lair (0/6) D:11 Orc (0/2) D:9 Vaults (0/5) D:12 D:13 Ossuary (visited)

Altars:
Ashenzari
Cheibriados
Dithmenos
Elyvilon
Fedhas
Gozag
Hepliaklqana
Kikubaaqudgha
Makhleb
Nemelex Xobeh
Okawaru
Qazlal
Ru
Sif Muna
Trog
Uskayaw
Vehumet
Wu Jian
Xom
Yredelemnul
Zin
The Shining One

Annotations:
D:4 3 runed translucent doors, Sondor's ghost, amateur DsAK
D:6 1 runed translucent door, Exporg's ghost, novice GrFi
D:7 2 transporters, KamiKatze's ghost, novice MfBe
D:12 Rupert


Innate Abilities, Weirdness & Mutations

You cannot wear most types of armour.
You are very stealthy in the water. (Stealth+)
You are amphibious.
You can wear up to eight rings at the same time.
((You can use your tentacles to constrict eight enemies at once.))
((Your skin changes colour to match your surroundings (Stealth+).))
((Your rubbery body absorbs attacks. (AC +1, EV +1)))


Message History

The troll claws you!
* * * LOW HITPOINT WARNING * * *
Rupert hits you but does no damage. The human hits you.
* * * LOW HITPOINT WARNING * * *
The human hits you but does no damage. The human hits you.
* * * LOW HITPOINT WARNING * * *
The human hits you but does no damage. The troll bites you.
* * * LOW HITPOINT WARNING * * *
The troll claws you.
* * * LOW HITPOINT WARNING * * *
The troll claws you.
* * * LOW HITPOINT WARNING * * *
Rupert roars madly and goes into a rage!
Rupert goes berserk!
The human hits you but does no damage. x2
The human hits you.
* * * LOW HITPOINT WARNING * * *
The human hits you but does no damage. The troll barely misses you.
The troll claws you.
You die...

....##.#.# #....#.# #..#
#####....####......# #.##
......##.........### #.#
#############....# #.# #....#
##.# #....# #..#
#####....####.#######
#########......#pp..........#
...............pYp).........#
....รท.###......#T@..........#
#####................##.....#
################........#
####.....# #.....# #.....#
#.....# #######


You could see Rupert (berserk), a troll and 4 humans.

Vanquished Creatures
  5 two-headed ogres
  Urug (D:12)
  5 skeletal warriors (D:12)
  An unseen horror (D:10)
  A manticore (D:12)
  A deep elf mage (D:10)
  2 ugly things (D:12)
  Joseph (D:8)
  A gargoyle (D:12)
  2 centaur skeletons
  A troll (D:10)
  Prince Ribbit (D:5)
  2 hippogriffs
  15 flying skulls (D:12)
  4 yaks (D:11)
  A spriggan (D:10)
  6 humans
  2 wyverns
  A warg (D:9)
  A water moccasin (D:9)
  2 porcupines (D:11)
  10 sky beasts
  6 orc warriors
  2 ice beasts
  2 phantoms
  4 black bears
  6 ogres
  18 centaurs
  2 wolves (D:11)
  5 crocodiles
  A wyvern zombie (D:8)
  10 bullfrogs
  6 scorpions
  A water moccasin skeleton (D:7)
  A wight (D:9)
  8 howler monkeys
  6 crimson imps
  2 bullfrog zombies (D:12)
  2 human zombies (Ossuary)
  7 jellies
  7 hounds
  2 centaur zombies
  8 orc priests
  A gnoll shaman (D:4)
  5 iguanas
  9 orc wizards
  21 worker ants
  A big kobold zombie (Ossuary)
  A hound zombie (D:5)
  3 hound skeletons
  2 mummies (Ossuary)
  A worker ant zombie (D:9)
  Robin (D:3)
  18 gnolls
  15 adders
  3 shadow imps
  2 oozes
  3 adder skeletons
  2 adder zombies (Ossuary)
  3 worms
  2 dart slugs (D:1)
  3 leopard geckos
  50 orcs
  A ball python (D:1)
  2 giant cockroaches
  8 hobgoblins
  17 jackals
  A kobold (D:3)
  4 quokkas
  7 bats
  7 frilled lizards
  13 goblins
  12 hobgoblin zombies (Ossuary)
  A jackal skeleton (D:5)
  2 jackal zombies (Ossuary)
  5 kobold zombies (Ossuary)
  3 leopard gecko skeletons
  10 orc zombies (Ossuary)
  4 rats
  3 rat zombies (Ossuary)
418 creatures vanquished.

Vanquished Creatures (others)
  3 fungi (D:11)
  12 plants (D:11)
15 creatures vanquished.

Grand Total: 433 creatures vanquished

Notes
Turn   | Place    | Note
-------+----------+-------------------------------------------
     0 | D:1      | Nattfarinn the Octopode Transmuter began the quest for the
                  | Orb.
     0 | D:1      | Reached XP level 1. HP: 13/13 MP: 3/3
   223 | D:1      | Reached XP level 2. HP: 16/18 MP: 5/5
   359 | D:1      | Reached XP level 3. HP: 22/23 MP: 6/6
   722 | D:2      | Learned a level 3 spell: Spider Form
  1062 | D:2      | Reached XP level 4. HP: 15/29 MP: 0/7
  1575 | D:3      | Found a stormy altar of Qazlal.
  1576 | D:3      | Noticed an air elemental
  1600 | D:3      | Noticed a fire elemental
  1602 | D:3      | Noticed a water elemental
  1662 | D:3      | Found a radiant altar of Vehumet.
  1949 | D:3      | Reached XP level 5. HP: 18/34 MP: 5/8
  2431 | D:3      | Noticed Robin
  2436 | D:3      | Killed Robin
  2441 | D:3      | Reached skill level 3 in Transmutations
  2704 | D:4      | Found a runed translucent gate.
  2788 | D:4      | Found a shattered altar of Ashenzari.
  2811 | D:4      | Noticed an ogre
  2840 | D:4      | Noticed Sondor's ghost (amateur DsAK)
  2844 | D:4      | Found a runed translucent gate.
  2845 | D:4      | Found a runed translucent gate.
  3079 | D:4      | Killed an ogre
  3079 | D:4      | Reached XP level 6. HP: 41/41 MP: 6/9
  3330 | D:4      | Reached skill level 5 in Unarmed Combat
  3586 | D:4      | Found a bloodstained altar of Trog.
  3588 | D:4      | Found a shimmering blue altar of Sif Muna.
  3666 | D:4      | Reached XP level 7. HP: 46/46 MP: 3/10
  3920 | D:4      | Reached skill level 4 in Transmutations
  4172 | D:5      | Entered Level 5 of the Dungeon
  4461 | D:5      | Noticed Prince Ribbit
  4471 | D:5      | Killed Prince Ribbit
  4471 | D:5      | Reached XP level 8. HP: 13/54 MP: 9/11
  4713 | D:5      | Found a burning altar of Makhleb.
  4803 | D:5      | Found a sand-covered staircase.
  4811 | Ossuary  | Entered an ossuary
  4969 | Ossuary  | Reached skill level 5 in Transmutations
  5392 | D:5      | Reached skill level 5 in Dodging
  5836 | D:5      | Reached skill level 6 in Transmutations
  5849 | D:5      | Reached XP level 9. HP: 23/58 MP: 2/12
  6758 | D:6      | Reached skill level 7 in Transmutations
  6799 | D:6      | Found a runed translucent door.
  6801 | D:6      | Noticed Exporg's ghost (novice GrFi)
  7352 | D:7      | Noticed KamiKatze's ghost (novice MfBe)
  7353 | D:7      | Found a transporter.
  7357 | D:7      | Identified the cursed +2 dire flail "Mubb" {flame, rPois
                  | MP-9 Str+4 Stlth+}
  7357 | D:7      | Noticed a two-headed ogre
  7358 | D:7      | Found a transporter.
  7424 | D:7      | Found an iron altar of Okawaru.
  7739 | D:7      | Found a glowing silver altar of Zin.
  7749 | D:7      | Reached skill level 8 in Transmutations
  8003 | D:7      | Reached XP level 10. HP: 49/64 MP: 13/13
  8243 | D:7      | Got a scorched pewter amulet
  8244 | D:7      | Identified the amulet of Yesterday {*Drain +Rage rF++
                  | Str+7} (You found it on level 7 of the Dungeon)
  8462 | D:7      | Reached skill level 9 in Transmutations
  8464 | D:7      | Found a staircase to the Ecumenical Temple.
  8472 | Temple   | Entered the Ecumenical Temple
  8635 | Temple   | Became a worshipper of Elyvilon the Healer
  8901 | D:8      | Noticed a two-headed ogre
  8913 | D:8      | Killed a two-headed ogre
  9080 | D:8      | Noticed Joseph
  9339 | D:8      | Killed Joseph
  9339 | D:8      | Reached skill level 10 in Transmutations
  9924 | D:8      | Learned a level 4 spell: Ice Form
 10115 | D:8      | Reached skill level 1 in Ice Magic
 10189 | D:8      | Reached * piety under Elyvilon
 10223 | D:8      | Found a glowing golden altar of the Shining One.
 10899 | D:9      | Found a staircase to the Orcish Mines.
 10915 | D:9      | Reached XP level 11. HP: 69/69 MP: 14/14
 11177 | D:9      | Reached skill level 5 in Ice Magic
 11512 | D:9      | Reached ** piety under Elyvilon
 11631 | D:10     | Entered Level 10 of the Dungeon
 11634 | D:10     | Noticed a deep elf mage
 11658 | D:10     | Killed a deep elf mage
 11705 | D:10     | Noticed a two-headed ogre
 11713 | D:10     | Killed a two-headed ogre
 12146 | D:10     | Noticed a two-headed ogre
 12156 | D:10     | Killed a two-headed ogre
 12357 | D:10     | Killed an unseen horror
 12467 | D:10     | Found a shattered altar of Ashenzari.
 12641 | D:11     | Noticed a two-headed ogre
 12648 | D:11     | Killed a two-headed ogre
 12648 | D:11     | Reached skill level 10 in Unarmed Combat
 12660 | D:11     | Reached skill level 5 in Fighting
 12964 | D:11     | Found a flickering gateway to a bazaar.
 12973 | Bazaar   | Entered a bazaar
 12986 | Bazaar   | Found Wiown's Gadget Emporium.
 13042 | Bazaar   | Found Bytesun's Jewellery Boutique.
 13089 | Bazaar   | Found Wealin's Gadget Emporium.
 13139 | Bazaar   | Found Lesos's Jewellery Emporium.
 13147 | Bazaar   | Bought a +2 ring of protection for 120 gold pieces
 13147 | Bazaar   | Bought a +3 ring of protection for 252 gold pieces
 13342 | Bazaar   | Bought a +2 ring of strength for 135 gold pieces
 13802 | D:11     | Reached XP level 12. HP: 77/77 MP: 15/15
 13909 | D:11     | Reached skill level 11 in Transmutations
 13933 | D:11     | Reached *** piety under Elyvilon
 14140 | D:11     | Found a staircase to the Lair.
 14474 | D:12     | Noticed Urug
 14684 | D:12     | Noticed a two-headed ogre
 14692 | D:12     | Killed a two-headed ogre
 15626 | D:12     | Killed Urug
 15974 | D:12     | Reached skill level 12 in Transmutations
 16556 | D:12     | Reached XP level 13. HP: 44/85 MP: 16/16
 16768 | D:12     | Found the +3 giant club "Skullcrusher" {speed, Str+7}
 16871 | D:13     | Found a gate to the Vaults.
 16871 | D:13     | Noticed Rupert
 16977 | D:12     | Paralysed by Rupert for 6 turns
 16981 | D:12     | HP: 4/102 [troll (3)]
 16982 | D:12     | HP: 1/102 [human (3)]
 16982 | D:12     | Slain by a troll

Levels and vault maps discovered:
D:1:      kilobyte_arrival_exit_the_forest, layout_rooms
D:2:      layout_basic
D:3:      layout_loops_ring, vehumet_crystals, first_ration,
          nicolae_qazlal_style_of_elements, uniq_robin
D:4:      layout_rooms, old_standard_altar, nicolae_overflow_hidden_temple,
          gammafunk_ghost_split
D:5:      layout_loops_cross, lightli_temple_of_fire,
          chequers_ossuary_entry_cave, uniq_prince_ribbit1
D:6:      layout_loops_ring, ebering_ghost_inner_flame, minmay_lizard_king
D:7:      layout_loops_ring, okawaru_humans, lemuel_round_altar,
          minmay_temple_entry_nine_rooms, gammafunk_ghost_smash,
          minmay_the_grid_2x2 [minmay_the_grid_zigzag_pyramid,
          minmay_the_grid_broken_lines, minmay_the_grid_paths,
          minmay_the_grid_prize_shrinking_boxes]
D:8:      layout_loops_cross, lemuel_doored_altar, uniq_joseph
D:9:      layout_roguey, david_orc_3, evilmike_minifort
D:10:     layout_loops_ring, hangedman_stone_soup, ashenzari_altar_1
D:11:     layout_long_grid, minmay_lair_entry_grove, serial_shops,
          bzr_entry_lakeside
D:12:     layout_rooms, grunt_decor_arrowhead,
          minmay_guarded_unrand_skullcrusher, uniq_urug
D:13:     layout_loops_ring, david_vaults_3, uniq_kirke
Temple:   nicolae_temple_great_sept

Skill      XL: |  1  2  3  4  5  6  7  8  9 10 11 12 |
---------------+-------------------------------------+-----
Fighting       | 2 3 4 5 6 |  6.9
Unarmed Combat | 4 5 6 7 8 9 10 11 | 11.8
Transmutations | 3 4 6 8 10 12 | 12.4
Dodging        | 3 4 5 6 8 9 |  9.7
Ice Magic      | 3 7 |  7.0
Spellcasting   | |  2.0

Action                   |  1- 3 |  4- 6 |  7- 9 | 10-12 | 13-15 || total
-------------------------+-------+-------+-------+-------+-------++-------
Melee: Unarmed           |    81 |   120 |   461 |   617 |    20 ||  1299
       Constrict         |    17 |    13 |    23 |     4 |       ||    57
       Tentacles         |    10 |     8 |    21 |    10 |       ||    49
       Punch             |     2 |     2 |     4 |     4 |       ||    12
 Cast: Spider Form       |     1 |    12 |    44 |    22 |       ||    79
       Ice Form          |       |       |       |    30 |     3 ||    33
  Use: Potion            |     1 |     2 |     2 |     5 |     1 ||    11
       Scroll            |       |       |     7 |    10 |       ||    17
 Stab: Sleeping          |     4 |     4 |     7 |     6 |       ||    21
       Distracted        |       |       |     1 |     1 |       ||     2
  Eat: Chunk             |       |    11 |    17 |    32 |     1 ||    61
       Ration            |       |       |     1 |     2 |       ||     3
Armor: Skin              |     7 |     4 |    31 |    87 |    27 ||   156
Dodge: Dodged            |    47 |    94 |   317 |   451 |    48 ||   957
